 Dungeon Crawl Stone Soup version 0.21.1-1-g345015f (webtiles) character file.

38 Kairos the Charmwright (level 3, 28/28 HPs)
             Began as a Merfolk Skald on Mar 27, 2018.
             Got out of the dungeon alive.
             The game lasted 00:02:42 (614 turns).

Kairos the Charmwright (Merfolk Skald)               Turns: 614, Time: 00:02:43

Health: 28/28      AC:  5    Str: 12    XL:     3   Next: 43%
Magic:  6/6        EV: 13    Int: 12    God:
Gold:   37         SH:  0    Dex: 13    Spells: 5/6 levels left

rFire    . . .     SeeInvis .   a - +0 spear
rCold    + . .     Gourm    .   (no shield)
rNeg     . . .     Faith    .   l - +1 leather armour {rC+}
rPois    .         Spirit   .   j - +0 helmet
rElec    .         Reflect  .   (no cloak)
rCorr    .         Harm     .   (no gloves)
MR       .....                  (no boots)
Stlth    +.........             (no amulet)
HPRegen  0.09/turn              (no ring)
MPRegen  0.10/turn              (no ring)

@: no status effects
A: change form in water, swift swim, stealthy swim
a: no special abilities


You escaped.
You were not hungry.

You visited 1 branch of the dungeon, and saw 1 of its levels.

You collected 37 gold pieces.

Inventory:

Hand Weapons
 a - a +0 spear (weapon)
Armour
 b - a +0 leather armour
 j - a +0 helmet (worn)
 l - a +1 leather armour of cold resistance (worn)
Potions
 e - a potion of flight
Books
 c - a book of Battle

   Spells                             Type                      Level
   a - Infusion                       Charms                       1
   b - Shroud of Golubria             Charms/Translocation         2
   c - Song of Slaying                Charms                       2
   d - Spectral Weapon                Hexes/Charms                 3
   e - Regeneration                   Charms/Necromancy            3
Comestibles
 d - 6 rations


   Skills:
 + Level 2.3 Fighting
 + Level 3.3 Polearms
 + Level 1.0 Armour
 + Level 3.7 Dodging
 + Level 2.0 Spellcasting
 + Level 3.7 Charms


You had 5 spell levels left.
You knew the following spells:

 Your Spells              Type           Power        Failure   Level  Hunger
a - Infusion              Chrm           ##..         8%          1    ##.....


Dungeon Overview and Level Annotations

Branches:
Dungeon (1/15)

Altars:


Message History

There is an open gate here.
There is an open door here.
There is an open door here.
There is a staircase leading out of the dungeon here.
As you read the scroll labeled CENENN NALEMP, it crumbles to dust.
You assume a fearsome visage.
Nothing appears to happen.
It was a scroll of fear.
As you read the scroll labeled TIEC PIPSAIWAC, it crumbles to dust.
It is a scroll of identify.
e - a potion of flight
As you read the scroll labeled ONUFUHINWA, it crumbles to dust.
It is a scroll of enchant armour.
Your +0 leather armour of cold resistance glows green for a moment.
As you read the scroll labeled CEYLIQ DAASK, it crumbles to dust.
You feel momentarily disoriented.
It was a scroll of magic mapping.
Okay, then.
It was a potion of curing.
You feel better.
You can't go down here!
Are you sure you want to leave the Dungeon?
This will make you lose the game!
You have escaped!

##.##.##...#.≈≈≈≈≈≈§.#.#### ###.†
...........#..≈≈§≈≈..#....#######
>.........###...≈...##..#.....# #
.......#### #################.###
......##..## ##§§§## ##..## #....
......#....#####+#####....# #>...
...÷..#....###.....###....###..##
......#....#.#.....#8#§...'....#.
......##...#.'..@..'.§§...').###.
..#...#....#.#.....#8#§§..'......
#.##..#....###.....###.§..#...###
#.###.#....#####'#####....#..##
..# #.##..## ##≈.≈## ##..##..##
.## #..###################....##
># ##.....##.......##.........##
.# #.....#.........#..........#
)# #.....#.........#..........#


There were no monsters in sight!

Vanquished Creatures
  5 dart slugs (D:1)
  5 bats (D:1)
  2 giant cockroaches (D:1)
  4 goblins (D:1)
  A hobgoblin (D:1)
  A ball python (D:1)
  4 frilled lizards (D:1)
  3 kobolds (D:1)
  5 rats (D:1)
30 creatures vanquished.

Notes
Turn   | Place    | Note
-------+----------+-------------------------------------------
     0 | D:1      | Kairos the Merfolk Skald began the quest for the Orb.
     0 | D:1      | Reached XP level 1. HP: 16/16 MP: 3/3
    35 | D:1      | Reached XP level 2. HP: 18/22 MP: 5/5
   241 | D:1      | Reached XP level 3. HP: 25/28 MP: 6/6
   421 | D:1      | Reached skill level 1 in Armour
   614 | D:$      | Got out of the dungeon alive.

Skill      XL: |  1  2  3 |
---------------+----------+-----
Dodging        | 3 |  3.7
Armour         | 1 |  1.0
Fighting       | |  2.3
Polearms       | |  3.3
Spellcasting   | |  2.0
Charms         | |  3.7

Action                   || total
-------------------------++-------
Melee: Spear             ||    93
  Use: Scroll            ||     4
       Potion            ||     1
Armor: Leather armour    ||    30
Dodge: Dodged            ||    71
